 Dungeon Crawl Stone Soup version 0.31-a0-145-g046c7d2549 (webtiles) character file.

Game seed: 8441963796058091920

47 night the Trooper (level 3, -5/33 HPs)
             Began as a Ghoul Fighter on June 5, 2023.
             Slain by a gnoll
             ... wielding a +0 halberd
              (8 damage)
             ... on level 2 of the Dungeon.
             The game lasted 00:01:32 (1094 turns).

night the Trooper (Ghoul Fighter)                   Turns: 1094, Time: 00:01:33

Health: -5/33      AC:  6    Str: 19    XL:     3   Next: 70%
Magic:  2/2        EV:  9    Int:  5    God:
Gold:   40         SH:  4    Dex:  8    Spells: 2/2 levels left

rFire   . .          .
                       - Unarmed
rCold   + . .        b - +0 buckler
rNeg    + + +        a - +0 scale mail
rPois   ∞            (no helmet)
rElec   .            (no cloak)
rCorr   .            (no gloves)
SInv    .            (no boots)
Will    .....        (no amulet) Stlth
                     (no ring)
HPRegen 0.00/turn    (no ring)
MPRegen 0.08/turn

%: no passive effects
@: mighty, inhibited regen
A: claws 1, cold resistance 1, negative energy resistance 3, inhibited
regeneration, torment resistance 2, devour on kill
a: no special abilities


You were on level 2 of the Dungeon.
You visited 1 branch of the dungeon, and saw 2 of its levels.

You collected 40 gold pieces.

Inventory:

Missiles
 g - 11 stones (quivered)
 l - 5 boomerangs
Armour
 a - a +0 scale mail (worn)
 b - a +0 buckler (worn)
Scrolls
 d - 2 scrolls of silence {unknown}
 e - 2 scrolls of identify {unknown}
 f - 2 scrolls of vulnerability {unknown}
 h - a scroll of fog {unknown}
 i - a scroll of teleportation {unknown}
 k - a scroll of amnesia {unknown}
 m - a scroll of butterflies {unknown}


   Skills:
 + Level 3.6 Fighting
 + Level 3.0 Armour
 + Level 3.0 Shields
 * Level 3.2 Unarmed Combat


You had 2 spell levels left.
You didn't know any spells.
Your spell library was empty.

Dungeon Overview and Level Annotations

Branches:
Dungeon (2/15)

Altars:
Fedhas


Innate Abilities, Weirdness & Mutations

You are immune to poison.
You have sharp fingernails.
Your flesh is cold resistant. (rC+)
You are immune to negative energy. (rN+++)
You do not regenerate when monsters are visible.
You are immune to unholy pain and torment.
You thrive by killing the living.


Message History

The gnoll is heavily wounded.
The gnoll barely misses you. The gnoll attacks as you move away!
The gnoll hits you with a +2 flail of protection.
You scratch the gnoll but do no damage.
The gnoll is heavily wounded.
The gnoll barely misses you.
The gnoll hits you from afar with a +0 halberd!
You scratch the gnoll but do no damage.
The gnoll is heavily wounded.
The gnoll hits you with a +2 flail of protection!
* * * LOW HITPOINT WARNING * * *
The gnoll hits you from afar with a +0 halberd.
* * * LOW HITPOINT WARNING * * *
You scratch the gnoll.
The gnoll is severely wounded.
You scratch the gnoll.
The gnoll is severely wounded.
The gnoll closely misses you. The gnoll barely misses you.
You scratch the gnoll but do no damage.
The gnoll is severely wounded.
The gnoll barely misses you. The gnoll hits you but does no damage.
The gnoll attacks as you move away! The gnoll barely misses you.
It was a potion of curing.
You feel better. The gnoll misses you.
The gnoll hits you from afar with a +0 halberd!
* * * LOW HITPOINT WARNING * * *
You feel very mighty all of a sudden. The gnoll closely misses you.
The gnoll hits you but does no damage.
You claw the gnoll!
You kill the gnoll!
You feel better. You block the gnoll's attack. The gnoll barely misses you.
The gnoll misses you.
Things that are here:
a +2 flail of protection; a gnoll corpse You barely miss the gnoll.
The gnoll hits you with a +0 halberd!
* * * LOW HITPOINT WARNING * * *
The gnoll barely misses you.
You barely miss the gnoll. The gnoll barely misses you.
The gnoll hits you from afar with a +0 halberd!
You die...

#.# #..........#.#
#.##.# #.#
####.##...#####.#
#....#### #.#
#....###.## #.#
#.##..... #.# #.####
#.######.###.#######
#.# #.#
#............# #.#
#.# ########.#####
#.#####.# #.#
........#### #.#
#.####.....# #@#
##.....###.######
#g#
#.###...........#
#g# .##
##......###.# #g#
.### #......###.#
#r# ...#
#..._....#.# #.#
##.# #......#.#.#
#...g.... ##.#
#........#.#
####..... ##.#
#.#####..#.# g...


You could see 3 gnolls and a rat.

Vanquished Creatures
  A gnoll (D:2)
  An adder (D:2)
  A worm (D:2)
  An endoplasm (D:1)
  3 giant cockroaches
  A goblin (D:1)
  A hobgoblin (D:1)
  6 jackals (D:1)
  A kobold (D:2)
  2 quokkas (D:1)
  3 ball pythons (D:1)
  2 frilled lizards (D:1)
  A rat (D:1)
24 creatures vanquished.

Notes
Turn   | Place    | Note
-------+----------+-------------------------------------------
     0 | D:1      | night the Ghoul Fighter began the quest for the Orb.
     0 | D:1      | Reached XP level 1. HP: 19/19 MP: 0/0
   215 | D:1      | Reached XP level 2. HP: 19/26 MP: 1/1
   693 | D:2      | Reached XP level 3. HP: 31/31 MP: 2/2
   844 | D:2      | Found a blossoming altar of Fedhas.
  1093 | D:2      | HP: 3/33 [gnoll/+0 halberd (10)]
  1094 | D:2      | Slain by a gnoll

Illustrated notes

Levels and vault maps discovered:
D:1:      ncdulo_smallfort, layout_basic, minmay_misc_feat_enclosed
D:2:      layout_loops_ring, basic_altar

Skill      XL: |  1  2  3 |
---------------+----------+-----
Armour         | 3 |  3.0
Shields        | 3 |  3.0
Unarmed Combat | 3 |  3.2
Fighting       | |  3.6

Action                     || total
---------------------------++-------
  Melee: Unarmed           ||    86
    Use: Potion            ||     2
 Armour: Scale mail        ||    35
  Dodge: Dodged            ||    52
  Block: Buckler           ||    12

Table legend: (Time is in decaauts)
 A = Elapsed time spent in this place.
 B = Non-inter-level travel time spent in this place.
 C = Inter-level travel time spent in this place.
 D = Time resting spent in this place.
 E = Time spent auto-exploring this place.
 F = Levels seen in this place.
 G = Mean time per level.
                   A        B        C        D        E       F      G
               +--------+--------+--------+--------+--------+-----+--------+
         Total |   1093 |   1072 |     21 |      0 |    898 |   2 |  546.5 |
       Dungeon |   1093 |   1072 |     21 |      0 |    898 |   2 |  546.5 |
               +--------+--------+--------+--------+--------+-----+--------+

Top non-repeatable levels by time:
     D:1: 639 daAuts
     D:2: 453 daAuts
